 Dungeon Crawl Stone Soup version 0.15-a0-1646-g393eda0 (webtiles) character file.

86 Quh the Ruinous (level 4, 0/30 HPs)
             Began as a Demonspawn Wizard on June 22, 2014.
             Slain by an orc
             ... wielding a +0 short sword
              (1 damage)
             ... on Level 3 of the Dungeon.
             The game lasted 00:11:01 (2766 turns).

Quh the Ruinous (Demonspawn Wizard)                 Turns: 2766, Time: 00:11:01

HP   0/30        AC  3     Str  7      XL: 4   Next: 26%
MP   5/9         EV 12     Int 21      God:
Gold 52          SH  0     Dex 11      Spells:  4 memorised,  2 levels left

rFire  . . .     SeeInvis .     i - -2 dagger (curse)
rCold  + . .     Clarity  .     a - +0 robe
rNeg   . . .     rCorr    .     (no shield)
rPois  .         rRot     .     b - +0 hat
rElec  .         Spirit   .     (no cloak)
SustAb .         Warding  .     (no gloves)
rMut   .         Stasis   .     (no boots)
Gourm  .                        (no amulet)
MR     .....                    (no ring)
                                (no ring)

@: lethally poisoned, not resistant to hostile enchantments, unstealthy
A: antennae 1, rugged brown scales 1, cold resistance 1
a: no special abilities


You were on level 3 of the Dungeon.
You were hungry.

You visited 1 branch of the dungeon, and saw 3 of its levels.

You collected 52 gold pieces.

Inventory:

Hand weapons
 e - a +0 dagger
 g - a +0 dagger of protection
 i - a cursed -2 dagger (weapon)
Armour
 a - a +0 robe (worn)
 b - a +0 hat (worn)
Comestibles
 d - 3 bread rations
 f - 2 meat rations
 r - 11 fruits
Scrolls
 k - 3 scrolls of identify
 m - 2 scrolls of fog
 p - a scroll of teleportation {unknown}
 q - a scroll of amnesia {unknown}
Potions
 h - a potion of might
 j - a potion of brilliance {unknown}
 l - 2 potions of heal wounds {unknown}
 n - a potion of restore abilities {unknown}
 o - 2 potions of curing {unknown}
Books
 c - a book of Minor Magic

   Spells                             Type                      Level
   *Magic Dart                        Conjuration                  1
   *Blink                             Translocation                2
   *Call Imp                          Summoning                    2
   *Repel Missiles                    Charms/Air                   2
   Slow                               Hexes                        2
   Conjure Flame                      Conjuration/Fire             3
   Mephitic Cloud                     Conjuration/Poison/Air       3


   Skills:
 - Level 1.7 Dodging
 - Level 1.7 Stealth
 + Level 3.0 Spellcasting
 * Level 3.6 Conjurations
 - Level 1.5 Summonings
 - Level 1.3 Translocations
 * Level 0.3 Air Magic


You had 2 spell levels left.
You knew the following spells:

 Your Spells              Type           Power        Failure   Level  Hunger
a - Magic Dart            Conj           ###.         3%          1    None
b - Blink                 Tloc           N/A          12%         2    ##.....
c - Call Imp              Summ           #.......     12%         2    ##.....
d - Repel Missiles        Chrm/Air       #.....       21%         2    ##.....


Dungeon Overview and Level Annotations

Branches:
Dungeon (3/15)

Altars:
Ashenzari
Fedhas
Qazlal
Xom

Annotations:
D:3 Terence


Innate Abilities, Weirdness & Mutations

You have a pair of small antennae on your head.
You are partially covered in rugged brown scales (AC +1, +3% HP).
Your flesh is cold resistant.


Message History

Terence hits you from afar with a trident of venom.
* * * LOW HITPOINT WARNING * * *
You are lethally poisoned!
* * * LOW HITPOINT WARNING * * *
You feel sick.
* * * LOW HITPOINT WARNING * * *
You feel sick.
* * * LOW HITPOINT WARNING * * *
You feel sick.
* * * LOW HITPOINT WARNING * * *
You feel sick.
Your crimson imp closely misses Terence.
* * * LOW HITPOINT WARNING * * *
You feel sick.
There is a stone staircase leading up here.
You can't go down here!
Unknown command.
* * * LOW HITPOINT WARNING * * *
You feel sick. The orc hits you with a short sword.
You die...

######.##.............#
#............#.........
.......%...#....#.........
###........w..##.........
#........5.5###.........
#.#####.#....#.....<.... #
#.##.@............
#....o##..........
#####..#.@##..........
.....................
.....................
......................
.####..<..#####.....
#......# #.## #......# .#
#......# #......#


You could see a worm, Terence, an orc and 2 friendly crimson imps.

Vanquished Creatures
  3 adders
  A worm (D:2)
  2 giant geckos (D:1)
  4 oozes
  An orc (D:2)
  4 bats
  5 giant cockroaches
  3 goblins (D:1)
  5 hobgoblins
  6 jackals
  A quokka (D:2)
  A giant newt (D:1)
  4 kobolds
  4 rats
44 creatures vanquished.

Notes
Turn   | Place    | Note
--------------------------------------------------------------
     0 | D:1      | Quh, the Demonspawn Wizard, began the quest for the Orb.
     0 | D:1      | Reached XP level 1. HP: 13/13 MP: 4/4
   343 | D:1      | Gained mutation: You are partially covered in rugged brown scales (AC +1, +3% HP). [demonic ancestry]
   343 | D:1      | Reached XP level 2. HP: 13/19 MP: 3/6
   922 | D:1      | Learned a level 2 spell: Blink
   925 | D:1      | Learned a level 2 spell: Call Imp
   928 | D:1      | Learned a level 2 spell: Repel Missiles
   985 | D:1      | Gained mutation: Your flesh is cold resistant. [demonic ancestry]
   985 | D:1      | Reached XP level 3. HP: 24/24 MP: 0/7
  1650 | D:2      | Found a shattered altar of Ashenzari.
  1683 | D:2      | Reached skill level 1 in Translocations
  1699 | D:2      | Found a shimmering altar of Xom.
  1704 | D:2      | Found a shimmering altar of Xom.
  1704 | D:2      | Found a shimmering altar of Xom.
  1705 | D:2      | Found a shimmering altar of Xom.
  1705 | D:2      | Found a shimmering altar of Xom.
  2155 | D:2      | Gained mutation: You have a pair of small antennae on your head. [demonic ancestry]
  2155 | D:2      | Reached XP level 4. HP: 28/30 MP: 2/9
  2515 | D:2      | Found a blossoming altar of Fedhas.
  2737 | D:3      | Found a stormy altar of Qazlal.
  2740 | D:3      | Noticed a fire elemental
  2747 | D:3      | Noticed Terence
  2766 | D:3      | HP: 1/30 [poisoned by Terence]
  2766 | D:3      | Slain by an orc

Action                   |  1- 3 |  4- 6 || total
-------------------------+-------+-------++-------
Melee: Dagger            |    86 |     1 ||    87
 Cast: Magic Dart        |   100 |    16 ||   116
       Call Imp          |       |     2 ||     2
  Use: Scroll            |     3 |       ||     3
